 Dungeon Crawl Stone Soup version 0.24-a0-439-g6dd8730de2 (webtiles) character file.

Game seed: 9867491205041324690

1946 forest the Covert (level 8, -3/40 HPs)
             Began as a Spriggan Assassin on June 18, 2019.
             Was an Initiate of Dithmenos.
             Slain by Grinder (4 damage)
             ... while paralysed by Grinder
             ... on level 5 of the Dungeon.
             The game lasted 00:16:49 (5312 turns).

forest the Covert (Spriggan Assassin)               Turns: 5312, Time: 00:16:50

Health: -3/40      AC:  3    Str: 10    XL:     8   Next: 98%
Magic:  9/9        EV:  4    Int: 12    God:    Dithmenos [......]
Gold:   176        SH:  0    Dex: 19    Spells: 7/7 levels left

rFire    . . .     SeeInvis +   e - +5 short sword (vamp)
rCold    . . .     Gourm    .   (shield restricted)
rNeg     . . .     Faith    .   j - +0 robe {MR+}
rPois    .         Spirit   .   (helmet restricted)
rElec    .         Reflect  +   c - +0 cloak
rCorr    .         Harm     .   (gloves unavailable)
MR       ++...                  (boots unavailable)
Stlth    +++++.....             h - +5 amulet of reflection
HPRegen  0.13/turn              o - +2 ring of strength
MPRegen  0.11/turn              (no ring)

@: paralysed, very quick
A: very small, unfitting armour, antennae 1, see invisible, herbivore, speed 3,
slow metabolism 2, wild magic 1
a: Renounce Religion


You were on level 5 of the Dungeon.
You worshipped Dithmenos.
Dithmenos was noncommittal.
You were not hungry.

You visited 2 branches of the dungeon, and saw 7 of its levels.

You collected 176 gold pieces.

Inventory:

Hand Weapons
 a - a +2 dagger
 e - a +5 vampiric short sword (weapon)
 k - a +0 giant club
 m - a +0 dagger of flaming
 x - a +0 hunting sling
Missiles
 g - 8 poisoned darts (quivered)
 i - 163 stones
 l - 59 sling bullets
 n - 5 silver boomerangs
Armour
 c - a +0 cloak (worn)
 d - a +0 chain mail
 j - a +0 robe of magic resistance (worn)
Jewellery
 h - a +5 amulet of reflection (around neck)
 o - a +2 ring of strength (left hand)
Wands
 w - a wand of enslavement (9)
Scrolls
 p - a scroll of fog {unknown}
 r - 2 scrolls of amnesia {unknown}
 s - a scroll of remove curse {unknown}
 t - a scroll of teleportation {unknown}
 u - a scroll of immolation {unknown}
Potions
 q - 3 potions of might
 v - a potion of berserk rage
 z - a potion of cancellation
Comestibles
 f - 6 rations


   Skills:
 + Level 3.4 Fighting
 + Level 7.3 Short Blades
 + Level 3.4(4.5) Slings
 + Level 3.6(4.1) Throwing
 + Level 5.8 Dodging
 + Level 11.4 Stealth
 + Level 0.9 Unarmed Combat


You had 7 spell levels left.
You didn't know any spells.
Your spell library was empty.

Dungeon Overview and Level Annotations

Branches:
Dungeon (6/15)             Temple (1/1) D:5

Altars:
Ashenzari
Cheibriados
Dithmenos
Fedhas
Gozag
Hepliaklqana
Kikubaaqudgha
Nemelex Xobeh
Okawaru
Qazlal
Ru
Sif Muna
Uskayaw
Wu Jian
Xom
Yredelemnul
Zin
The Shining One

Annotations:
D:5 Grinder


Innate Abilities, Weirdness & Mutations

You are very small and have problems with some larger weapons.
You are too small for most types of armour.
You have supernaturally acute eyesight. (SInv)
You are a herbivore.
You cover ground extremely quickly.
You need to consume almost no food.
You have a pair of small antennae on your head.
Your spells are a little harder to cast, but a little more powerful.


Message History

Grinder is moderately wounded.
Throwing (i - inventory. (/) - cycle)
g - 9 poisoned darts (quivered)
Press: ? - help, Shift-Dir - straight line, f/p - Grinder
Aim: Grinder (moderately wounded)
You throw a poisoned dart. The poisoned dart hits Grinder!
Grinder is moderately wounded.
Grinder blinks!
Grinder gestures at you. You resist with almost no effort.
Grinder says, "Wait up."
There is a stone staircase leading up here.
Grinder gestures at you.
You suddenly lose the ability to move!
Grinder hits you.
You writhe in agony.
Grinder hits you!
* * * LOW HITPOINT WARNING * * *
You writhe in agony.
* * * LOW HITPOINT WARNING * * *
Grinder hits you.
You die...

.# ##.....# #.#
.###(.##..####.#
...>.###..##...#
#...####(....#######
#........(.#...#...##
#..8.8.8............##
#...⌠.⌠..............#
#..8.>.8........5....#
##..⌠.⌠.........@....#
#..8.8.8.##.........##
##.............#...##
....##...##.########
.##.##..###.#
.......## #.#
###...#####.####
#####.))##.....## ..#
###.#.......##


You could see Grinder.

Vanquished Creatures
  The ghost of vogonpoet the Slasher, a novice HuWn of Okawaru (D:4)
  Sigmund (D:2)
  Eustachio (D:5)
  An ice beast (D:5)
  2 phantoms
  3 centaurs (D:5)
  An ogre (D:2)
  A howler monkey (D:4)
  A crimson imp (D:5)
  3 hounds (D:4)
  2 orc priests (D:3)
  A bullfrog skeleton (D:4)
  2 orc wizards
  Jessica (D:3)
  Terence (D:2)
  5 iguanas
  4 worker ants
  A howler monkey skeleton (D:4)
  10 adders
  2 oozes
  A worm (D:4)
  A dart slug (D:1)
  6 leopard geckos
  13 orcs
  4 giant cockroaches
  4 goblins
  9 hobgoblins
  2 quokkas
  6 bats
  6 frilled lizards
  A giant cockroach zombie (D:5)
  2 gnoll zombies (D:4)
  A jackal skeleton (D:5)
  7 kobolds
  5 rats
112 creatures vanquished.

Vanquished Creatures (others)
  4 toadstools (D:1)
4 creatures vanquished.

Grand Total: 116 creatures vanquished

Notes
Turn   | Place    | Note
-------+----------+-------------------------------------------
     0 | D:1      | forest the Spriggan Assassin began the quest for the Orb.
     0 | D:1      | Reached XP level 1. HP: 10/10 MP: 2/2
    19 | D:1      | Reached skill level 6 in Stealth
   381 | D:1      | Reached XP level 2. HP: 14/14 MP: 3/3
   656 | D:2      | Noticed Sigmund
   822 | D:2      | Noticed an ogre
   844 | D:2      | Killed an ogre
   844 | D:2      | Reached skill level 7 in Stealth
   844 | D:2      | Reached XP level 3. HP: 17/18 MP: 4/4
   844 | D:2      | Reached XP level 4. HP: 22/23 MP: 5/5
   954 | D:2      | Noticed Terence
  1171 | D:2      | Found a sparkling altar of Nemelex Xobeh.
  1299 | D:2      | Reached skill level 8 in Stealth
  1572 | D:2      | Found an iron altar of Okawaru.
  1572 | D:2      | Found a faded altar of an unknown god.
  1573 | D:2      | Reached XP level 5. HP: 24/26 MP: 6/6
  1581 | D:2      | Found a hazy altar of Hepliaklqana.
  1583 | D:2      | Found a glowing golden altar of the Shining One.
  1584 | D:2      | Found a faded altar of an unknown god.
  1837 | D:2      | Killed Sigmund
  1837 | D:2      | Reached XP level 6. HP: 22/30 MP: 7/7
  2109 | D:2      | Killed Terence
  2272 | D:3      | Noticed Jessica
  2274 | D:3      | Killed Jessica
  2307 | D:3      | Reached skill level 9 in Stealth
  2842 | D:3      | Gained mutation: Your spells are a little harder to cast,
                  | but a little more powerful. [potion of mutation]
  2842 | D:3      | Gained mutation: Your magical capacity is low. (-10% MP)
                  | [potion of mutation]
  2842 | D:3      | Lost mutation: Your magical capacity is low. (-10% MP)
                  | [potion of mutation]
  2842 | D:3      | Gained mutation: You have a pair of small antennae on your
                  | head. [potion of mutation]
  2925 | D:4      | Reached XP level 7. HP: 15/35 MP: 8/8
  3267 | D:4      | Reached skill level 5 in Short Blades
  3372 | D:4      | Reached skill level 5 in Dodging
  3414 | D:4      | Found a basalt altar of Yredelemnul.
  3489 | D:4      | Reached skill level 10 in Stealth
  3694 | D:5      | Entered Level 5 of the Dungeon
  3733 | D:5      | Reached XP level 8. HP: 32/39 MP: 9/9
  3750 | D:5      | Found a staircase to the Ecumenical Temple.
  3758 | Temple   | Entered the Ecumenical Temple
  3876 | D:5      | Found a shadowy altar of Dithmenos.
  3883 | D:5      | Became a worshipper of Dithmenos the Shadowed
  3940 | D:5      | Found a runed translucent door.
  3944 | D:5      | Noticed vogonpoet's ghost (novice HuWn)
  4078 | D:4      | Killed vogonpoet's ghost
  4078 | D:4      | Reached skill level 11 in Stealth
  4410 | D:5      | Found a sacrificial altar of Ru.
  4426 | D:5      | Noticed Eustachio
  4450 | D:5      | Killed Eustachio
  5050 | D:5      | Found an ornate altar of the Wu Jian Council.
  5270 | D:6      | Noticed Grinder
  5309 | D:5      | Paralysed by Grinder for 4 turns
  5311 | D:5      | HP: 1/40 [Grinder (5)]
  5312 | D:5      | Slain by Grinder

Levels and vault maps discovered:
D:1:      ldierk_walled_garden_2, layout_basic
D:2:      layout_basic, chequers_temple_overflow_minitemple,
          nemelex_dance_club_becter, uniq_terence, uniq_sigmund
D:3:      layout_basic, uniq_jessica
D:4:      layout_rooms, lemuel_zombie_altar_yredelemnul, first_ration,
          kennysheep_doodads, grunt_ministairs_11
D:5:      layout_rooms, lemuel_crystal_altar, kennysheep_little_box,
          nicolae_ru_sacrificial_ziggurat,
          minmay_temple_entry_statues_fountains, ebering_ghost_sewer_d,
          minmay_circle_x, uniq_eustachio
D:6:      layout_basic, lemuel_crystal_altar, uniq_pikel, uniq_grinder
Temple:   cyrus_temple_forest

Skill      XL: |  1  2  3  4  5  6  7  8 |
---------------+-------------------------+-----
Stealth        | 6 7 8 9 10 11 | 11.4
Dodging        | 2 3 4 5 |  5.8
Short Blades   | 3 4 5 7 |  7.3
Fighting       | 2 3 |  3.4
Throwing       | 3 |  3.6
Slings         | 3 |  3.4
Unarmed Combat | |  0.9

Action                   |  1- 3 |  4- 6 |  7- 9 || total
-------------------------+-------+-------+-------++-------
Melee: Dagger            |    48 |    51 |       ||    99
       Unarmed           |       |    11 |       ||    11
       Short sword       |       |    96 |   193 ||   289
       Punch             |       |       |     1 ||     1
 Fire: Hunting sling     |       |       |    18 ||    18
Throw: Dart              |     5 |    25 |    10 ||    40
       Stone             |       |     8 |       ||     8
  Use: Scroll            |     1 |     3 |     1 ||     5
       Potion            |     1 |     1 |     6 ||     8
 Stab: Sleeping          |     3 |    10 |    15 ||    28
       Distracted        |       |     2 |       ||     2
  Eat: Ration            |       |       |     1 ||     1
Armor: Robe              |     5 |    13 |     4 ||    22
       Skin              |       |       |     8 ||     8
Dodge: Dodged            |    27 |   101 |   109 ||   237
Block: Other             |     6 |    26 |    28 ||    60
       Reflection        |       |     1 |       ||     1

Table legend:
 A = Non-vault XP
 B = Vault XP
 C = Vault XP percentage of total XP
 D = Non-vault monster count
 E = Vault monster count
 F = Vault count percentage of total count
                 A         B        C        D         E       F
            +---------+---------+-------+---------+---------+-------
      Total |    1555 |    1226 |  44.1 |      97 |      15 |  13.4
            +---------+---------+-------+---------+---------+-------
        D:1 |      29 |       0 |   0.0 |      11 |       0 |   0.0
        D:2 |     206 |     277 |  57.3 |      22 |       4 |  15.4
        D:3 |     150 |      37 |  19.8 |      23 |       1 |   4.2
        D:4 |     600 |     462 |  43.5 |      21 |       5 |  19.2
        D:5 |     567 |     450 |  44.2 |      19 |       5 |  20.8
        D:6 |       3 |       0 |   0.0 |       1 |       0 |   0.0
            +---------+---------+-------+---------+---------+-------
